 Dungeon Crawl Stone Soup version 0.27.1-3-gb3d3a73c9e (webtiles) character file.

Game seed: 1671491466436067234

151099 Dustman the Warrior (level 17, -2/185 HPs)
             Began as an Ogre Fire Elementalist on Oct 21, 2021.
             Was the Champion of Vehumet.
             Slain by a spark wasp (15 damage)
             ... on level 4 of the Spider Nest.
             The game lasted 04:46:54 (19806 turns).

Dustman the Warrior (Ogre Fire Elementalist)       Turns: 19806, Time: 04:46:54

Health: -2/185     AC: 17    Str: 16    XL:     17   Next: 55%
Magic:  14/35      EV: 10    Int: 25    God:    Vehumet [******]
Gold:   252        SH: 20    Dex: 15    Spells: 16/44 levels left

rFire    + + .     SeeInvis +   c - staff of fire
rCold    . . .     Faith    .   a - +3 tower shield {rC+}
rNeg     . . .     Spirit   .   T - quicksilver dragon scales
rPois    +         Reflect  .   U - +2 hat {Will+}
rElec    .         Harm     .   f - +2 cloak {rPois}
rCorr    .         Rampage  .   (gloves unavailable)
Will     +++++                  (boots unavailable)
Stlth    ++........             t - amulet of magic regeneration
HPRegen  0.40/turn              r - ring of Lust {Fire Will+ Dex+6}
MPRegen  0.49/turn              B - ring of Xuzoosoa {Will+ Int+4 SInv}

@: no status effects
A: large, unfitting armour, tough skin 1
a: Renounce Religion


You were on level 4 of the Spider Nest.
You worshipped Vehumet.
Vehumet was exalted by your worship.
You visited 6 branches of the dungeon, and saw 29 of its levels.
You also visited: Bailey.

You collected 3160 gold pieces.
You spent 2908 gold pieces at shops.

Inventory:

Hand Weapons
 j - a +6 whip of electrocution
 m - a +4 demon whip
Missiles
 q - 36 large rocks
 u - 3 throwing nets
 y - 22 javelins
Armour
 a - a +3 tower shield of cold resistance (worn)
 f - a +2 cloak of poison resistance (worn)
 T - quicksilver dragon scales (worn)
 U - a +2 hat of willpower (worn)
Magical Staves
 c - a staff of fire (weapon)
Jewellery
 g - a ring of flight
 i - a ring of magical power
 r - the ring of Lust (left hand) {Fire Will+ Dex+6}
   (You bought it in a shop on level 1 of the Depths)

   [ring of fire]

   It enhances your fire magic.
   Dex:       It affects your dexterity (+6).
   rF:        It protects you from fire.
   rC:        It makes you vulnerable to cold.
   Will:      It increases your willpower.
 t - an amulet of magic regeneration (around neck)
 B - the ring of Xuzoosoa (right hand) {Will+ Int+4 SInv}
   (You bought it in a shop on level 1 of the Depths)

   [ring of willpower]

   Int:       It affects your intelligence (+4).
   SInv:      It lets you see invisible.
   Will:      It increases your willpower.
 V - a ring of resist corrosion
Wands
 b - a wand of paralysis (3)
 k - a wand of digging (6)
 I - a wand of acid (20)
 R - a wand of iceblast (18)
Scrolls
 x - 3 scrolls of teleportation
 z - 3 scrolls of holy word
 A - 2 scrolls of amnesia
 C - a scroll of fear
 D - 11 scrolls of identify
 F - 3 scrolls of magic mapping
 H - a scroll of fog
Potions
 d - 2 potions of brilliance
 e - a potion of cancellation
 h - 6 potions of attraction
 l - 10 potions of mutation
 n - 6 potions of might
 o - 5 potions of curing
 p - 6 potions of flight
 s - 4 potions of haste
 v - 2 potions of berserk rage
 w - 3 potions of invisibility
 E - a potion of heal wounds
 G - a potion of resistance
Miscellaneous
 L - a box of beasts
 P - a condenser vane


   Skills:
 + Level 15.7 Fighting
 - Level 4.0 Throwing
 + Level 6.5 Armour
 - Level 7.1 Dodging
 - Level 4.0 Stealth
 + Level 11.9 Shields
 + Level 14.1 Spellcasting
 + Level 11.6 Conjurations
 + Level 12.0 Fire Magic
 - Level 4.0 Evocations


You had 16 spell levels left.
You knew the following spells:

 Your Spells              Type           Power      Damage    Failure   Level
a - Starburst             Conj/Fire      53%        6d14      3%          6
b - Shock                 Conj/Air       100%       1d9       1%          1
c - Conjure Flame         Conj/Fire      100%       6-21      1%          3
d - Fireball              Conj/Fire      53%        3d21      1%          5
e - Sticky Flame          Conj/Fire      100%       2d11      1%          4
f - Olgreb's Toxic Radia  Pois           17%        N/A       28%         4
g - Freezing Cloud        Conj/Ice/Air   18%        6-21      16%         5

Your spell library contained the following spells:

 Spells                   Type           Power      Damage    Failure   Level
 Eringya's Noxious Bog    Tmut/Pois      8%         N/A       98%         6
 Foxfire                  Conj/Fire      100%       2x1d9     1%          1
 Static Discharge         Conj/Air       46%        N/A       1%          2
 Inner Flame              Hex/Fire       82%        N/A       1%          3
 Freeze                   Ice            68%        1d8       3%          1
 Poisonous Vapours        Pois/Air       34%        N/A       4%          2
 Frozen Ramparts          Ice            34%        1d5       9%          3
 Sting                    Tmut/Pois      68%        1d6       11%         1
 Gell's Gravitas          Tloc           8%         N/A       32%         3
 Lesser Beckoning         Tloc           8%         N/A       32%         3
 Ozocubu's Armour         Ice            17%        N/A       32%         3
 Teleport Other           Tloc           17%        N/A       32%         3
 Lee's Rapid Deconstruct  Erth           8%         3d8*      58%         5
 Cause Fear               Hex            8%         N/A       73%         4
 Dispel Undead            Necr           17%        3d10      73%         4
 Ice Form                 Ice/Tmut       17%        N/A       73%         4
 Leda's Liquefaction      Hex/Erth       8%         N/A       73%         4
 Summon Ice Beast         Ice/Summ       17%        N/A       73%         4
 Borgnjor's Vile Clutch   Necr/Erth      8%         N/A       97%         5
 Metabolic Englaciation   Hex/Ice        8%         N/A       97%         5
 Simulacrum               Ice/Necr       8%         N/A       100%        6
 Discord                  Hex            8%         N/A       100%        8


Dungeon Overview and Level Annotations

Branches:
Dungeon (15/15)            Temple (0/1) D:7            Lair (6/6) D:10
  Swamp (1/4) Lair:2       Spider (4/4) Lair:2          Orc (2/2) D:9
    Elf (0/3) Orc:2        Vaults (0/5) D:14         Depths (1/5) D:15
 Bailey (visited)
  Slime: Lair:5-6

Altars:
Elyvilon
Fedhas
Makhleb
Nemelex Xobeh
Qazlal
Ru
Vehumet
Wu Jian
The Shining One
Beogh
Jiyva

Shops:
D:2 !   D:9 *   D:11 (**   Orc:2 (([*=!   Depths:1 :==

Portals:
Trove: D:10 (give 5 scrolls of fear)

Annotations:
D:4 1 runed translucent door, Crazy Yiuf
Lair:6 2 runed translucent doors, Lauzeg's ghost, journeyman DjCj


Innate Abilities, Weirdness & Mutations

You are too large for most types of armour.
You have tough skin. (AC +1)


Message History

Confirm with . or Enter, or press ? or * to list all spells.
Aiming: Sticky Flame (safe; 1% risk of failure)
Press: ? - help, Shift-Dir - straight line, f/p - spark wasp
Aim: a spark wasp (moderately wounded, 100% to hit)
You feel a strong surge of power!
The sticky flame hits the spark wasp!
The spark wasp is heavily wounded.
The spark wasp is covered in liquid flames!
The tarantella burns!
You kill the tarantella!
Vehumet accepts your kill.
You feel your power returning.
The spark wasp burns!
The spark wasp stings you but does no damage.
The hornet evades a web.
A hornet comes into view.
Casting: Sticky Flame (safe; 1% risk of failure)
Confirm with . or Enter, or press ? or * to list all spells.
Aiming: Sticky Flame (safe; 1% risk of failure)
Press: ? - help, Shift-Dir - straight line, f/p - spark wasp
Aim: a spark wasp (heavily wounded, covered in liquid flames, 100% to hit)
You feel a strong surge of power!
The sticky flame hits the spark wasp!
The spark wasp is severely wounded.
The spark wasp is covered in liquid flames!
The spark wasp burns!
The spark wasp stings you. The spark wasp shocks you!
A demonic crawler comes into view.
You block the spark wasp's attack.
You hit the spark wasp.
The spark wasp is severely wounded.
The spark wasp burns!
You block the spark wasp's attack. The spark wasp stings you!
* * * LOW HITPOINT WARNING * * *
The spark wasp shocks you!
* * * LOW HITPOINT WARNING * * *
Aiming: Fireball (mildly dangerous; 1% risk of failure)
Press: ? - help, Q - select action, (/) - cycle Shift-Dir - straight line, p - spark wasp
Okay, then.
The spark wasp burns!
The spark wasp burns!
The hornet evades a web.
The spark wasp stings you!!
* * * LOW HITPOINT WARNING * * *
The spark wasp shocks you!
You die...

## ##.#..##^^.†.##
##.
#..#####..^.##..##.##
#..
#..^..#..#.##....###
##. #..^...####..^##
## ####...#.....## #
#^$#####...### .[..
#...## ##.. #.^##
#..†##@.^# #.sy###
##y.# #..$^# #..###
##. ^. ###


You could see a spark wasp (burning), a demonic crawler and a hornet.

Vanquished Creatures
  Jorgrun (Spider:3)
  A lich (Depths:1)
  A sphinx (Depths:1)
  Donald (Orc:2)
  A ghost moth (Lair:2)
  3 emperor scorpions
  2 stone giants (Depths:1)
  2 spark wasps
  Snorg (Orc:1)
  2 fire dragons (Depths:1)
  Harold (D:8)
  8 hydras
  2 boulder beetles (Spider:3)
  3 vault guards (D:14)
  Fannar (D:10)
  A rakshasa (Depths:1)
  Erolcha (Orc:2)
  2 centaur warriors
  The ghost of Crownlay the Destroyer, a journeyman DrAr of Sif Muna (D:13)
  3 catoblepae
  3 two-headed ogres
  6 tengu warriors
  A deep troll shaman (Lair:6)
  20 death yaks
  Urug (Lair:3)
  An orc high priest (Orc:2)
  A vampire mage (D:15)
  6 hell knights (Depths:1)
  Sonja (Orc:2)
  A sixfirhy (Depths:1)
  9 skeletal warriors
  2 goliath frogs (Swamp:1)
  A glowing orange brain (Depths:1)
  Pikel (D:8)
  2 lindwurms
  2 bog bodies (Lair:2)
  2 deep elf pyromancers
  3 necromancers
  9 orc knights
  An orc sorcerer (Orc:1)
  14 wolf spiders
  4 orb spiders
  5 oklob plants
  6 ugly things
  6 cyclopes
  A moth of wrath (Spider:1)
  4 manticores
  An iron dragon skeleton (D:15)
  4 centaur zombies
  9 elephants
  4 black mambas
  13 cane toads
  A gargoyle (D:13)
  A yaktaur (D:15)
  An unseen horror (D:11)
  A kobold demonologist (D:13)
  A spriggan skeleton (D:15)
  3 komodo dragons
  A rime drake (Lair:4)
  6 demonic crawlers
  2 tengu conjurers
  11 trolls
  17 jumping spiders
  5 polar bears
  A polar bear (shapeshifter) (D:15)
  3 hornets
  A raiju (shapeshifter) (D:13)
  2 slime creatures
  A spriggan zombie (D:15)
  14 blink frogs
  An ettin zombie (D:15)
  11 dream sheep
  18 tarantellas
  21 yaks
  A fire bat (D:9)
  A wraith (D:11)
  22 redbacks
  3 wyverns
  A shadow (D:11)
  9 humans (D:14)
  A golden eye (D:13)
  A steam dragon (Bailey)
  6 basilisks
  8 vampire mosquitoes
  2 swamp worms (Lair:2)
  2 acid dragons
  2 wargs (Orc:2)
  8 water moccasins
  2 sky beasts
  A black bear (Lair:2)
  55 orc warriors
  A necrophage (D:7)
  11 wolves
  17 centaurs
  8 ogres
  3 lemures (D:8)
  A phantom (D:6)
  3 wyvern zombies
  4 kobold brigands
  11 bullfrogs
  A gnoll sergeant (D:11)
  5 scorpions
  A water moccasin skeleton (D:5)
  An electric eel (Lair:2)
  9 howler monkeys
  A bullfrog zombie (D:6)
  2 centaur skeletons (D:7)
  A hound (D:7)
  A gnoll shaman (D:9)
  4 jellies
  14 orc priests
  2 iguanas
  15 orc wizards
  A polar bear simulacrum (Lair:3)
  6 yak simulacra (Lair:3)
  4 wolf simulacra (Lair:3)
  A killer bee zombie (D:9)
  A howler monkey zombie (D:8)
  5 gnolls
  A river rat (Bailey)
  4 adders
  2 shadow imps
  A white imp (D:8)
  An ufetubus (D:7)
  An adder skeleton (D:4)
  2 dart slugs
  97 orcs
  A ball python (D:2)
  4 bats
  5 endoplasms
  2 giant cockroaches
  6 hobgoblins
  4 quokkas
  A frilled lizard (D:1)
  3 goblins
  13 kobolds
  3 rats (D:1)
715 creatures vanquished.

Vanquished Creatures (collateral kills)
  An orc warlord (Orc:2)
  A hydra (D:12)
  2 wargs (Orc:2)
  An orc warrior (Orc:2)
  3 centaurs (Orc:2)
  An orc wizard (Orc:2)
  An orc (Orc:2)
10 creatures vanquished.

Vanquished Creatures (others)
  A water moccasin (Lair:5)
  An orc warrior (Orc:2)
  557 foxfires
  23 fungi
  37 plants
  7 withered plants (D:15)
626 creatures vanquished.

Grand Total: 1351 creatures vanquished

Notes
Turn   | Place    | Note
-------+----------+-------------------------------------------
     0 | D:1      | Dustman the Ogre Fire Elementalist began the quest for the
                  | Orb.
     0 | D:1      | Reached XP level 1. HP: 16/16 MP: 3/3
    58 | D:1      | Reached skill level 1 in Conjurations
   138 | D:1      | Reached XP level 2. HP: 22/26 MP: 2/5
   173 | D:1      | Found a faded altar of an unknown god.
   190 | D:1      | Got Plato's Incunabulum of Attacks
   191 | D:1      | Became a worshipper of Elyvilon the Healer
   191 | D:1      | Reached * piety under Elyvilon
   194 | D:1      | Learned a level 1 spell: Shock
   246 | D:1      | Reached skill level 1 in Fighting
   550 | D:2      | Found Lohuwo's Distillery.
   560 | D:2      | Reached XP level 3. HP: 33/33 MP: 2/7
   646 | D:2      | Bought a potion of heal wounds for 55 gold pieces
   756 | D:3      | Reached skill level 2 in Fighting
   777 | D:3      | Reached XP level 4. HP: 32/42 MP: 3/8
   785 | D:3      | Found a sacrificial altar of Ru.
   814 | D:4      | Reached ** piety under Elyvilon
   937 | D:4      | Noticed a scorpion
   951 | D:4      | Killed a scorpion
   952 | D:4      | Reached XP level 5. HP: 36/50 MP: 3/10
   977 | D:4      | Noticed an air elemental
   978 | D:4      | Found a stormy altar of Qazlal.
   979 | D:4      | Noticed a water elemental
   979 | D:4      | Noticed a fire elemental
  1008 | D:4      | Found an ornate altar of the Wu Jian Council.
  1037 | D:4      | Found a runed translucent door.
  1038 | D:4      | Noticed Crazy Yiuf
  1059 | D:5      | Entered Level 5 of the Dungeon
  1088 | D:5      | Reached skill level 1 in Shields
  1125 | D:5      | Reached skill level 3 in Fighting
  1151 | D:5      | Reached XP level 6. HP: 48/61 MP: 3/11
  1299 | D:5      | Noticed a wraith
  1327 | D:5      | HP: 1/61 [wraith (12)]
  1498 | D:5      | Noticed a sky beast
  1516 | D:5      | Killed a sky beast
  1871 | D:5      | Reached skill level 4 in Fighting
  1871 | D:5      | Reached XP level 7. HP: 70/70 MP: 10/13
  1880 | D:5      | Found a blossoming altar of Fedhas.
  1952 | D:6      | Identified the +6 war axe of the Imperium {pain, rN+}
  2088 | D:8      | Noticed Harold
  2088 | D:8      | Noticed a two-headed ogre
  2178 | D:7      | Reached XP level 8. HP: 18/79 MP: 6/15
  2243 | D:7      | Learned a level 3 spell: Conjure Flame
  2460 | D:7      | Reached *** piety under Elyvilon
  2495 | D:7      | Reached skill level 5 in Fighting
  2495 | D:7      | Reached skill level 5 in Spellcasting
  3269 | D:6      | Reached skill level 5 in Fire Magic
  3352 | D:7      | Found a burning altar of Makhleb.
  3377 | D:7      | Reached skill level 6 in Fighting
  3403 | D:7      | Reached **** piety under Elyvilon
  3404 | D:7      | Found a staircase to the Ecumenical Temple.
  3463 | D:7      | Learned a level 5 spell: Fireball
  3468 | D:7      | Learned a level 4 spell: Sticky Flame
  3723 | D:7      | Reached XP level 9. HP: 92/92 MP: 4/18
  3960 | D:8      | Killed a two-headed ogre
  3961 | D:8      | Reached skill level 7 in Fighting
  3961 | D:8      | Reached skill level 5 in Conjurations
  4111 | D:8      | Found a radiant altar of Vehumet.
  4136 | D:8      | Noticed Pikel
  4141 | D:8      | Noticed a troll
  4145 | D:8      | Killed Harold
  4146 | D:8      | Reached skill level 5 in Shields
  4155 | D:8      | Killed Pikel
  4156 | D:8      | Reached skill level 8 in Fighting
  4156 | D:8      | Reached XP level 10. HP: 84/104 MP: 1/21
  4462 | D:8      | Fell from the grace of Elyvilon
  4462 | D:8      | Became a worshipper of Vehumet
  4574 | D:10     | Entered Level 10 of the Dungeon
  4702 | D:11     | Noticed a manticore
  4706 | D:11     | Killed a manticore
  4924 | D:11     | Found Typuc's Assorted Antiques.
  4938 | D:11     | Found Begeh's Assorted Antiques.
  4947 | D:11     | Bought a metallic blue potion for 20 gold pieces
  4947 | D:11     | Bought a scroll labelled WUVES DOTE for 23 gold pieces
  5089 | D:11     | Killed an unseen horror
  5090 | D:11     | Reached skill level 9 in Fighting
  5353 | D:11     | Found Hics's Antique Weapon Shoppe.
  5547 | D:12     | Noticed a deep elf pyromancer
  5552 | D:12     | Killed a deep elf pyromancer
  5706 | D:12     | Noticed a cyclops
  5720 | D:12     | Killed a cyclops
  5721 | D:12     | Reached XP level 11. HP: 55/115 MP: 3/23
  5982 | D:12     | Noticed a cyclops
  5982 | D:12     | Noticed a cyclops
  6075 | D:12     | Noticed an eight-headed hydra
  6541 | D:13     | Found a flagged portal.
  6541 | D:13     | Noticed a cyclops
  6597 | D:13     | a cyclops changed into a golden eye
  6601 | D:13     | Noticed a cyclops
  6617 | D:13     | Killed a cyclops
  6618 | D:13     | Reached skill level 10 in Fighting
  6621 | D:13     | Identified the +9 halberd of Severance {vorpal, Drain MP+9
                  | Str+2}
  6622 | D:13     | Identified the +4 halberd of Symmetry {freeze, Will++ rCorr
                  | Dex-3}
  6632 | D:13     | Noticed a catoblepas
  6642 | Bailey   | Entered a bailey
  6746 | Bailey   | Reached * piety under Vehumet
  6746 | Bailey   | Offered knowledge of Sandblast by Vehumet.
  6990 | Bailey   | Reached skill level 10 in Spellcasting
  6990 | Bailey   | Reached XP level 12. HP: 128/128 MP: 10/26
  7168 | Bailey   | Reached skill level 11 in Fighting
  7205 | Bailey   | Reached ** piety under Vehumet
  7205 | Bailey   | Offered knowledge of Searing Ray by Vehumet.
  7339 | D:13     | Killed a catoblepas
  7412 | D:14     | Noticed a tengu warrior
  7415 | D:14     | Noticed a centaur warrior
  7416 | D:14     | Killed a tengu warrior
  7417 | D:14     | Killed a centaur warrior
  7617 | D:13     | Noticed a five-headed hydra
  7624 | D:13     | Killed a five-headed hydra
  7660 | D:13     | Noticed a two-headed ogre
  7665 | D:13     | Killed a two-headed ogre
  7719 | D:12     | Killed an eight-headed hydra
  7826 | D:12     | Reached XP level 13. HP: 139/139 MP: 11/27
  8261 | D:10     | Offered knowledge of Ignite Poison by Vehumet.
  8262 | D:10     | Reached skill level 12 in Fighting
  8262 | D:10     | Reached skill level 1 in Throwing
  8262 | D:10     | Reached skill level 1 in Evocations
  8263 | D:10     | Reached skill level 1 in Armour
  8282 | D:10     | Reached *** piety under Vehumet
  8404 | D:10     | Noticed Fannar
  8416 | D:10     | Killed Fannar
  8471 | D:10     | Found a staircase to the Lair.
  8474 | D:10     | Found a portal to a secret trove of treasure.
  8561 | D:9      | Identified the ring of Caezam {*Slow rPois rN+++ rCorr
                  | AC+4}
  8663 | D:9      | Found Kauhun's Overcharged Wands.
  9102 | D:9      | Offered knowledge of Olgreb's Toxic Radiance by Vehumet.
  9442 | D:9      | Found a staircase to the Orcish Mines.
  9493 | D:9      | Found a sparkling altar of Nemelex Xobeh.
  9692 | D:9      | Learned a level 4 spell: Olgreb's Toxic Radiance
  9698 | Orc:1    | Entered Level 1 of the Orcish Mines
  9813 | Orc:1    | Noticed Snorg
  9824 | Orc:1    | Killed Snorg
 10244 | Orc:2    | Entered Level 2 of the Orcish Mines
 10244 | Orc:2    | Found Jemmemp's Jewellery Shoppe.
 10253 | Orc:2    | Bought an amulet of magic regeneration for 330 gold pieces
 10257 | Orc:2    | Noticed Sonja
 10261 | Orc:2    | Killed Sonja
 10261 | Orc:2    | Reached **** piety under Vehumet
 10266 | Orc:2    | Noticed an orc warlord
 10392 | Orc:1    | You are sucked into a shaft and drop 1 floor!
 10404 | Orc:2    | Noticed Erolcha
 10414 | Orc:2    | Killed Erolcha
 10421 | Orc:2    | Offered knowledge of Bolt of Magma by Vehumet.
 10465 | Orc:2    | Killed an orc warlord
 10469 | Orc:2    | Reached ***** piety under Vehumet
 10565 | Orc:2    | Identified a scroll of acquirement
 10565 | Orc:2    | Acquired a +2 tower shield of cold resistance
 10635 | Orc:2    | Offered knowledge of Iron Shot by Vehumet.
 10638 | Orc:2    | Reached XP level 14. HP: 138/150 MP: 16/29
 10706 | Orc:2    | Noticed Donald
 10713 | Orc:2    | Killed Donald
 10722 | Orc:2    | Found Hiolem's Distillery.
 11345 | Orc:2    | Found a staircase to the Elven Halls.
 11402 | Orc:2    | Found Kearuuv's Antique Armour Shoppe.
 11402 | Orc:2    | Found Jomn's Weapon Shop.
 11404 | Orc:2    | Found Tute's Antique Weapon Boutique.
 11406 | Orc:2    | Found Koif's General Store.
 11492 | Orc:2    | Bought a potion of haste for 140 gold pieces
 11492 | Orc:2    | Bought a potion of heal wounds for 70 gold pieces
 11492 | Orc:2    | Bought 2 potions of curing for 84 gold pieces
 11492 | Orc:2    | Bought a potion of mutation for 112 gold pieces
 11570 | Orc:2    | Bought a runed cloak for 217 gold pieces
 11605 | Orc:2    | Bought a scorched mace for 168 gold pieces
 11605 | Orc:2    | Identified the +4 mace of Conscience {vorpal, Int+3} (You
                  | bought it in a shop on level 2 of the Orcish Mines)
 11610 | Orc:2    | Bought 2 potions of might for 128 gold pieces
 11781 | Lair:1   | Entered Level 1 of the Lair of Beasts
 12447 | Lair:2   | Found a hole to the Spider Nest.
 12581 | Lair:2   | Reached skill level 13 in Fighting
 12643 | Lair:2   | Found a staircase to the Swamp.
 12722 | Lair:2   | Reached skill level 10 in Fire Magic
 13113 | Lair:3   | Reached skill level 10 in Shields
 13481 | Lair:4   | Reached XP level 15. HP: 151/161 MP: 6/31
 13524 | Lair:5   | Identified the +3 leather armour of Resonance {Will+}
 13693 | Lair:5   | Reached skill level 5 in Dodging
 13709 | Lair:6   | Entered Level 6 of the Lair of Beasts
 13829 | Lair:5   | Reached ****** piety under Vehumet
 13982 | Lair:4   | Offered knowledge of Starburst by Vehumet.
 14005 | Lair:4   | Learned a level 6 spell: Starburst
 14027 | Lair:4   | Reached skill level 10 in Conjurations
 14460 | Lair:5   | Got Sif Muna's Papyrus of Icy Feathers
 14534 | Lair:6   | Found a large runed translucent door.
 14534 | Lair:6   | Found a large runed translucent door.
 14539 | Lair:6   | Noticed Lauzeg's ghost (journeyman DjCj)
 15051 | Lair:6   | Reached skill level 14 in Fighting
 15172 | Lair:6   | Got the Compendium of the Mountains
 15277 | Lair:3   | Noticed Urug
 15282 | Lair:3   | Killed Urug
 15397 | Lair:2   | Acquired quicksilver dragon scales
 15412 | Lair:2   | Acquired a +2 hat of willpower
 15419 | Lair:2   | Acquired 909 gold pieces
 15725 | Spider:1 | Entered Level 1 of the Spider Nest
 15782 | Swamp:1  | Entered Level 1 of the Swamp
 16149 | D:13     | Reached XP level 16. HP: 153/172 MP: 3/33
 16180 | D:13     | Found a runed translucent gate.
 16182 | D:13     | Found a runed translucent gate.
 16183 | D:13     | Found a runed translucent gate.
 16184 | D:13     | Noticed Crownlay's ghost (journeyman DrAr)
 16189 | D:13     | Found a viscous altar of Jiyva.
 16356 | D:13     | Killed Crownlay's ghost
 16387 | D:13     | Identified the +5 flail of the Slime-mould {drain, *Noise
                  | +Blink rN+ Dex+2}
 16535 | D:14     | Found a glowing golden altar of the Shining One.
 16576 | D:15     | Entered Level 15 of the Dungeon
 16833 | D:14     | Offered knowledge of Freezing Cloud by Vehumet.
 16862 | D:14     | Found a gate to the Vaults.
 16989 | D:14     | You fall into a shaft and drop 1 floor!
 17037 | D:15     | Reached skill level 5 in Armour
 17388 | D:15     | Found a staircase to the Depths.
 17531 | D:15     | Learned a level 5 spell: Freezing Cloud
 17533 | Depths:1 | Entered Level 1 of the Depths
 17595 | Depths:1 | Noticed a lich
 17607 | Depths:1 | Killed a lich
 17656 | Depths:1 | Noticed a sphinx
 17661 | Depths:1 | Killed a sphinx
 17735 | Depths:1 | Found a glowing golden altar of the Shining One.
 17779 | Depths:1 | Reached skill level 15 in Fighting
 17835 | Depths:1 | Found Piequy's Book Emporium.
 17835 | Depths:1 | Found Puro's Jewellery Boutique.
 17881 | Depths:1 | Found Myzur's Jewellery Boutique.
 17899 | Depths:1 | Bought the ring of Xuzoosoa {Will+ Int+4 SInv} for 758 gold
                  | pieces
 17914 | Depths:1 | Bought the ring of Lust {Fire Will+ Dex+6} for 803 gold
                  | pieces
 18437 | Spider:1 | Reached XP level 17. HP: 97/184 MP: 16/34
 18731 | Spider:2 | Identified the +3 ring mail "Jymas" {rF+ rCorr Str-5}
 18768 | Spider:3 | Offered knowledge of Eringya's Noxious Bog by Vehumet.
 19264 | Spider:3 | Noticed Jorgrun
 19272 | Spider:3 | Killed Jorgrun
 19351 | Spider:4 | Entered Level 4 of the Spider Nest
 19806 | Spider:4 | Slain by a spark wasp

Illustrated notes

Levels and vault maps discovered:
D:1:      amcnicky_arrival_flooded_fountain, layout_basic,
          shapermc_ecumenical_altar_rom_forum
D:2:      layout_basic, serial_shops, nicolae_square_shop, uniq_sigmund,
          uniq_terence, uniq_jessica
D:3:      layout_loops_ring, mainiacjoe_overflow_catwalk, okawaru_gym_becter
D:4:      layout_basic, nzn_wu_jian_contemplation,
          nicolae_qazlal_style_of_elements, uniq_crazy_yiuf_cottage
D:5:      layout_basic, slow_altar_1, lemuel_round_altar, trog_book, tgw_xom,
          minmay_misc_feat_rugged, minmay_tree_intersection
D:6:      layout_basic, amcnicky_mini_rare_corridor_liquid
D:7:      layout_cave_pods, lemuel_doored_altar, minmay_temple_entry_trees
D:8:      layout_basic, vehumet_altar_wand_db, uniq_pikel, uniq_maggie,
          uniq_harold
D:9:      wad_arrow_thing, layout_gridville, marbit_many_paths,
          nicolae_shop_overcharged_wands
D:10:     layout_loops_ring, lemuel_blue_sif_altar, nicolae_uskayaw_suspiria,
          dpeg_lair_monsters, nicolae_trove_entry_free_sample, uniq_fannar
D:11:     layout_basic, serial_shops, nicolae_shop_behind_doors, shop, shop
D:12:     layout_roguey [special_room_orc]
D:13:     layout_roguey, enter_bailey_2, gammafunk_ghost_ooze
D:14:     layout_basic, ximxim_vaults_locker_room, lemuel_coloured_pillars_altar
D:15:     gammafunk_depths_entry_grave, layout_long_grid, minivault_26
Lair:1:   layout_regular_city
Lair:2:   layout_regular_city, nicolae_swamp_entry_splash_gauntlet,
          dummy_spider_entry, infiniplex_staircase_pool_2
Lair:3:   layout_chaotic_city, eino_house_with_fridge, uniq_urug
Lair:4:   beast_lair_carwin_large_3, layout_long_grid, grunt_megastairs_1
Lair:5:   layout_long_grid, minmay_lair_oklob_chamber
Lair:6:   grunt_lair_end_beastmaster, layout_cave_pods,
          minmay_slime_entry_oklob_enclosed, ebering_ghost_disaster_area
Swamp:1:  layout_falls_marsh, lemuel_altar_in_water
Spider:1: layout_spider_delve
Spider:2: layout_spider_delve
Spider:3: layout_spider_delve, drop_trap, uniq_jorgrun
Spider:4: grunt_spider_rune_circles
Orc:1:    layout_diamond_mine, uniq_snorg
Orc:2:    st_orc_rangers, layout_diamond_mine, serial_shops, nicolae_shop_stone,
          shop_statue, uniq_donald, uniq_sonja, uniq_erolcha
Depths:1: layout_gridville, nicolae_tso_swordbearing_angel,
          grunt_hell_entry_demonic_statue, pan_entry,
          gammafunk_ghost_wrathful_warriors, st_stairs_13, drop_trap,
          kennysheep_generic_room_7, minmay_shop_grove

Skill      XL: |  1  2  3  4  5  6  7  8  9 10 11 12 13 14 15 16 17 |
---------------+----------------------------------------------------+-----
Conjurations   | 1 2 3 4 5 6 7 8 9 10 11 | 11.6
Fighting       | 1 2 3 4 6 8 9 10 11 12 13 14 15 | 15.7
Fire Magic     | 3 4 5 6 7 8 9 10 11 12 | 12.0
Spellcasting   | 3 4 6 7 8 10 11 12 13 14 | 14.1
Shields        | 1 2 4 5 6 8 9 10 11 | 11.9
Dodging        | 3 4 6 7 |  7.1
Throwing       | 3 4 |  4.0
Evocations     | 2 4 |  4.0
Armour         | 2 4 5 6 |  6.5
Stealth        | 3 4 |  4.0

Action                   |  1- 3 |  4- 6 |  7- 9 | 10-12 | 13-15 | 16-18 || total
-------------------------+-------+-------+-------+-------+-------+-------++-------
Melee: Unarmed           |     8 |       |       |       |       |       ||     8
       Dagger            |    42 |    29 |    11 |       |       |       ||    82
       Staff             |       |       |     6 |     7 |   184 |   127 ||   324
       Whip              |       |       |       |     4 |    57 |    21 ||    82
       Trident           |       |       |       |     1 |       |       ||     1
Throw: Dart              |       |       |       |     3 |       |       ||     3
       Large rock        |       |       |       |       |     1 |     3 ||     4
 Cast: Foxfire           |    38 |    59 |   133 |    81 |    10 |       ||   321
       Shock             |       |       |    16 |     8 |     7 |       ||    31
       Conjure Flame     |       |       |    15 |    12 |    15 |     6 ||    48
       Sticky Flame      |       |       |     5 |    40 |   185 |   123 ||   353
       Fireball          |       |       |     3 |    51 |   292 |   151 ||   497
       Olgreb's Toxic Ra |       |       |       |       |     1 |       ||     1
       Starburst         |       |       |       |       |     3 |    10 ||    13
       Freezing Cloud    |       |       |       |       |       |    15 ||    15
Evoke: Wand              |       |       |     3 |    42 |    22 |    10 ||    77
  Use: Scroll            |       |     2 |     2 |    14 |    26 |       ||    44
       Potion            |       |     1 |     5 |     9 |    12 |     4 ||    31
 Stab: Paralysed         |       |       |    11 |     3 |       |     4 ||    18
Armor: Robe              |    16 |    13 |    22 |    16 |       |       ||    67
       Troll leather arm |       |       |       |    10 |   138 |       ||   148
       Quicksilver drago |       |       |       |       |    86 |   174 ||   260
Dodge: Dodged            |    31 |    21 |    47 |    42 |   177 |   103 ||   421
Block: Kite shield       |       |       |       |    23 |   172 |       ||   195
       Tower shield      |       |       |       |       |   314 |   427 ||   741
